[Event "Early-Titled-Tuesday-Blitz-October-03-2023"]
[Site "Chess.com"]
[Date "2023.10.03"]
[Round "7"]
[White "Mr_ruthless"]
[Black "Kildepiotr"]
[Result "0-1"]
[WhiteElo "2490"]
[BlackElo "2635"]
[TimeControl "180+1"]
[EndTime "9:20:14 PDT"]
[Termination "Kildepiotr won on time"]

1. e4 g6 2. d4 Bg7 3. f4 c6 4. Nf3 d5 5. e5 Nh6 6. Be3 Bg4 7. Nbd2 Nf5 8. Bf2 h5 9. h3 Bxf3 10. Nxf3 h4 11. Qd2 e6 12. c3 Bf8 13. O-O-O Nd7 14.
Bd3 Be7 15. Kb1 b5 16. Rc1 Nb6 17. b3 a5 18. Ka1 Ba3 19. Rc2 b4 20. c4 dxc4 21.
Bxc4 a4 22. Rb1 Qd7 23. Nh2 Qb7 24. Ng4 Nd7 25. Bd3 Ne7 26. Be4 Nd5 27. Bxd5 cxd5 28. Ne3 Nb6 29. Qd3 Qa6 30. Qxa6 Rxa6 31. Ng4 O-O 32.
Ne3 Rfa8 33. Bxh4 axb3 34. Rxb3 Na4 35. Be1 Bb2+ 36. Rcxb2 Nxb2 37. Rxb2 b3 38. Bc3 Rxa2+ 39. Rxa2 Rxa2+ 40. Kb1 Re2 41. Nd1 Rxg2 42. Bb2 Rg3 43. Bc1 Rxh3 44. Nb2 Kg7 45. Bd2 g5 46. fxg5 Rh1+ 47.
Bc1 Kg6 48. Nd3 Kf5 49. Kb2 Rd1 0-1

[Event "Early-Titled-Tuesday-Blitz-October-03-2023"]
[Site "Chess.com"]
[Date "2023.10.03"]
[Round "7"]
[White "Abund"]
[Black "BilodeauA"]
[Result "1-0"]
[WhiteElo "2789"]
[BlackElo "2904"]
[TimeControl "180+1"]
[EndTime "9:20:21 PDT"]
[Termination "Abund won by resignation"]

1. e4 Nc6 2. Nf3 e5 3. Bb5 a6 4. Ba4 d6 5. Nc3 Bd7 6. Bxc6 bxc6 7. d4 f6 8. Be3 Ne7 9. Qd3 Ng6 10. O-O-O Be7 11. h4 h5 12. dxe5 fxe5 13. Ng5 Nxh4 14. Rxh4 Bxg5 15. Rhh1 Qf6 16. Kb1 Bxe3 17. Qxe3 O-O 18.
f3 g6 19. b3 Kg7 20. Ne2 Be6 21. Rdf1 a5 22. g4 Rh8 23. gxh5 gxh5 24. f4 Bg4 25.
fxe5 Qxe5 26. Nd4 Rae8 27. Nxc6 Qxe4 28. Qc3+ Kg8 29. Re1 Qg6 30. Ne7+ Rxe7 31. Rxe7 Rh7 32. Qxc7 Rxe7 33. Qxe7 Bf5 34. Qe2 Bg4 35. Qf2 Kh7 36. Re1 Qf5 37. Qh4 Kg6 38. Qe7 Qf6 39. Qe4+ Qf5 40. Qd4 Qf6 41. Qd3+ Kg5 42. Qd2+ Qf4 43.
Qxa5+ Kh4 44. a4 Kg3 45. Qc3+ Kg2 46. a5 h4 47. a6 h3 48. a7 Bf3 49. Qg7+ Qg3 50.
Qxg3+ Kxg3 51. Re3 h2 52. Rxf3+ Kg2 53. a8=Q h1=Q+ 54. Kb2 Kg1 55. Rf1+ 1-0

[Event "Early-Titled-Tuesday-Blitz-October-03-2023"]
[Site "Chess.com"]
[Date "2023.10.03"]
[Round "7"]
[White "crazy_m_attack"]
[Black "MajorCoast"]
[Result "1-0"]
[WhiteElo "2407"]
[BlackElo "2255"]
[TimeControl "180+1"]
[EndTime "9:20:21 PDT"]
[Termination "crazy_m_attack won on time"]

1. e4 c5 2. Nf3 e6 3. d4 cxd4 4. Nxd4 Qb6 5. Nc3 Nc6 6. Nb3 Bb4 7. Be3 Bxc3+ 8. bxc3 Qc7 9. Bd3 Nf6 10. O-O O-O 11. Qd2 d5 12. exd5 Nxd5 13. Bg5 Ne5 14. Rfe1 Nxd3 15.
cxd3 Qxc3 16. Qe2 Bd7 17. Rac1 Qb4 18. Nc5 Bc6 19. Ne4 Qd4 20. Qf3 Nb4 21. Rc4 Bxe4 22. Rxe4 Qa1+ 23. Rc1 Qb2 24. Qg3 Rac8 25. Rd1 Nxa2 26.
Rde1 Nc3 27. Bf6 Ne2+ 28. R4xe2 Qxf6 29. h3 Rc3 30. Rb1 b6 31. Qe3 h6 32. Rd2 Rfc8 33. Rdd1 Rc2 34. Ra1 a5 35. Qxb6 R2c6 36. Qe3 Rc5 37.
d4 Rc3 38. Qe4 Rc2 39. Rf1 Qg5 40. f4 Qg3 41. Rxa5 Rb2 42. Rc5 1-0

[Event "Early-Titled-Tuesday-Blitz-October-03-2023"]
[Site "Chess.com"]
[Date "2023.10.03"]
[Round "7"]
[White "Better_Chess_Faster"]
[Black "stratacticos"]
[Result "1/2-1/2"]
[WhiteElo "1984"]
[BlackElo "1761"]
[TimeControl "180+1"]
[EndTime "9:20:21 PDT"]
[Termination "Game drawn - insufficient material"]

1. e4 c5 2. Nf3 Nc6 3. d4 cxd4 4. Nxd4 e5 5. Nb5 d6 6. N1c3 a6 7. Na3 b5 8. Nd5 Nce7 9. c4 Nxd5 10. Qxd5 Be6 11.
Qd3 b4 12. Nc2 a5 13. g3 Be7 14. Bg2 Nf6 15. O-O O-O 16. Ne3 Qd7 17. f4 exf4 18. gxf4 Bh3 19. f5 Bxg2 20. Kxg2 Qb7 21. Nd5 Nxd5 22. exd5 Bf6 23. Bf4 Rad8 24. Rf2 Rfe8 25. Re2 Rxe2+ 26. Qxe2 Kf8 27. Re1 Qd7 28. Qe4 g6 29. fxg6 Qg4+ 30. Kh1 Qxg6 31. Qxg6 hxg6 32. b3 a4 33. Kg2 axb3 34. axb3 Be7 35. Ra1 g5 36.
Bd2 f5 37. Bxb4 Rb8 38. Ra4 Kf7 39. Kf3 Bf6 40. Ra7+ Kg6 41. Bxd6 Rxb3+ 42. Kg2 Rb2+ 43. Kg3 f4+ 44. Bxf4 gxf4+ 45. Kxf4 Rxh2 46. c5 Rh4+ 47. Kf3 Bd4 48. Rc7 Kf5 49. c6 Ke5 50. Rd7 Rh3+ 51. Ke2 Rc3 52. d6 Rxc6 53. Kd3 Rxd6 54. Rxd6 Kxd6 1/2-1/2

[Event "Early-Titled-Tuesday-Blitz-October-03-2023"]
[Site "Chess.com"]
[Date "2023.10.03"]
[Round "7"]
[White "Alexchess1984"]
[Black "deribas12345"]
[Result "1-0"]
[WhiteElo "2723"]
[BlackElo "2577"]
[TimeControl "180+1"]
[EndTime "9:20:22 PDT"]
[Termination "Alexchess1984 won by checkmate"]

1. e4 e6 2. d4 d5 3. Nd2 c5 4. c3 Nc6 5. Ngf3 Be7 6. a3 cxd4 7. cxd4 Nf6 8. e5 Ne4 9. Bd3 Nxd2 10. Qxd2 Na5 11.
Qd1 Qb6 12. b4 Nc4 13. O-O Bd7 14. Rb1 Rc8 15. h4 h6 16. h5 a5 17. bxa5 Qa7 18.
Bxc4 Rxc4 19. Bd2 O-O 20. Bb4 Bxb4 21. axb4 Rfc8 22. Qd2 Bb5 23. Rfc1 Qa6 24. Rxc4 Rxc4 25. Rc1 Qc6 26. Rxc4 dxc4 27. Qc3 Qe4 28. Ne1 Qf5 29.
Nc2 Qxh5 30. Ne3 Qe2 31. f3 h5 32. Kh2 g6 33. Kg3 g5 34. d5 exd5 35. Nxd5 h4+ 36. Kg4 Qxg2+ 37. Kh5 h3 38. e6 h2 39. exf7+ Kh7 40.
Nf6+ Kg7 41. Nd5+ Kh7 42. Qh8+ Kxh8 43. f8=Q+ Kh7 44. Nf6# 1-0

[Event "Early-Titled-Tuesday-Blitz-October-03-2023"]
[Site "Chess.com"]
[Date "2023.10.03"]
[Round "7"]
[White "Roedor"]
[Black "MathiasWomacka"]
[Result "1-0"]
[WhiteElo "2404"]
[BlackElo "2545"]
[TimeControl "180+1"]
[EndTime "9:20:22 PDT"]
[Termination "Roedor won on time"]

1. d4 Nf6 2. c4 e6 3. g3 c5 4.
d5 exd5 5. cxd5 d6 6. Nc3 g6 7. Bg2 Bg7 8. Nf3 O-O 9. O-O Nbd7 10. Bf4 Qe7 11. Nd2 Nh5 12. Be3 a6 13. a4 Rb8 14.
Nc4 Ne5 15. Na3 Bd7 16. a5 b5 17. axb6 Rxb6 18. Qc1 Rfb8 19. Ra2 Nf6 20. Bg5 h6 21. Bxh6 Bxh6 22. Qxh6 Rxb2 23. Rxb2 Rxb2 24. h3 Rb3 25. Nab1 Bb5 26. Re1 Nd3 27. Rd1 Nb2 28. Re1 Nd7 29. Ne4 Nc4 30. Nbd2 Nxd2 31. Nxd2 Rb2 32. Kh2 a5 33.
Ne4 Rxe2 34. Rxe2 Bxe2 35. Qd2 Bc4 36. Qxa5 Bxd5 37. Nf6+ Nxf6 38. Bxd5 Nxd5 39. Qa8+ Kg7 40. Qxd5 Qe6 41. Qd2 Qf6 42. f4 c4 43. Kg2 c3 44.
Qd3 d5 45. Kf3 d4 46. g4 Qc6+ 47. Ke2 Qc5 48. Kd1 Kf6 49. Qa6+ Kg7 50. Qd3 1-0

[Event "Early-Titled-Tuesday-Blitz-October-03-2023"]
[Site "Chess.com"]
[Date "2023.10.03"]
[Round "7"]
[White "temus_galaktionov"]
[Black "shimastream"]
[Result "1-0"]
[WhiteElo "2879"]
[BlackElo "2962"]
[TimeControl "180+1"]
[EndTime "9:20:23 PDT"]
[Termination "temus_galaktionov won on time"]

1. d4 Nf6 2. c4 d6 3. Nf3 g6 4.
Nc3 Bg7 5. e4 O-O 6. Be2 e5 7.
O-O Nbd7 8. Be3 Qe7 9. Qc2 a6 10. Rfe1 exd4 11. Bxd4 c5 12. Be3 Re8 13. Bd3 b6 14.
Nd5 Nxd5 15. exd5 Ne5 16. Nxe5 Bxe5 17. f4 Bf6 18. Bxc5 Qxe1+ 19. Rxe1 Rxe1+ 20. Kf2 bxc5 21. Kxe1 Rb8 22. b3 Bd7 23. f5 Kg7 24. Qf2 a5 25. h4 a4 26. Bc2 a3 27. h5 g5 28. Qd2 Ra8 29. g4 h6 30. Kd1 Be5 31. b4 Kf6 32. b5 Ke7 33. f6+ Bxf6 34. Bf5 Bxf5 35. gxf5 g4 36. Qe2+ Be5 37. Qxg4 Ra4 38. f6+ Kxf6 39.
Kc1 Rb4 40. Qf3+ Kg7 41. Qxa3 Rxc4+ 42. Kd1 Rb4 43. Qa6 c4 44. b6 c3 45. b7 Rb1+ 46.
Kc2 Rb2+ 47. Kd3 Rd2+ 48. Ke3 Rb2 49. Qc6 Bf6 50. Kd3 Rd2+ 51. Ke4 Rb2 52. a4 c2 53. a5 Bg5 54. Qc3+ 1-0

[Event "Early-Titled-Tuesday-Blitz-October-03-2023"]
[Site "Chess.com"]
[Date "2023.10.03"]
[Round "7"]
[White "ViktoriyaTarasova"]
[Black "Nbk90"]
[Result "1-0"]
[WhiteElo "2385"]
[BlackElo "2118"]
[TimeControl "180+1"]
[EndTime "9:20:23 PDT"]
[Termination "ViktoriyaTarasova won by resignation"]

1. d4 Nf6 2. c4 g6 3. Nc3 Bg7 4. e4 d6 5. h3 Nbd7 6. Be3 e5 7.
d5 h5 8. Qc2 Bh6 9. Bxh6 Rxh6 10. O-O-O Kf8 11. Nf3 Kg7 12. Be2 h4 13. g3 hxg3 14.
fxg3 Nc5 15. g4 Rh8 16. Nd2 a6 17. Rdf1 Ne8 18. b4 Nd7 19. Nf3 a5 20. a3 Qf6 21.
Kb2 Qf4 22. Nd2 Qe3 23. Rf3 Qg5 24. Rhf1 f6 25. Nb3 axb4 26. axb4 Nb6 27. c5 Na4+ 28.
Nxa4 Rxa4 29. Bb5 Rxb4 30. Bxe8 Rxe8 31. cxd6 cxd6 32. Rxf6 Qxf6 33. Rxf6 Kxf6 34. Qc7 Rxe4 35. Qxd6+ Kg5 36. h4+ Kxh4 37. Qxg6 Re2+ 38. Ka3 Bd7 39. Qh7+ Kg3 40. Qxd7 Ra8+ 41. Kb4 Re4+ 42. Kb5 Ra3 43. Nc5 Re1 44. Kb6 Rb1+ 45. Kc7 Rc1 46. Kd6 Rac3 47. Ne4+ Kf4 48. Nxc3 Rxc3 49. Qf7+ Ke4 50. Qe6 Kd3 51. Qxe5 Rc4 52. Qf5+ Kc3 53. Kd7 Rd4 54. d6 b6 55.
g5 Rd1 56. g6 Kb2 57. g7 1-0

[Event "Early-Titled-Tuesday-Blitz-October-03-2023"]
[Site "Chess.com"]
[Date "2023.10.03"]
[Round "7"]
[White "rikchessmx"]
[Black "familijatop71"]
[Result "1-0"]
[WhiteElo "2333"]
[BlackElo "2194"]
[TimeControl "180+1"]
[EndTime "9:20:24 PDT"]
[Termination "rikchessmx won on time"]

1. e4 d5 2. exd5 Qxd5 3. Nc3 Qa5 4. Bc4 c6 5. d3 Nf6 6. Bd2 Qc7 7. f4 Bg4 8. Nf3 e6 9. h3 Bxf3 10. Qxf3 Be7 11.
O-O-O b5 12. Nxb5 Qd7 13. Nc3 a5 14. Ne4 Na6 15. g4 Nb4 16. f5 Nfd5 17. a3 O-O 18. axb4 axb4 19. Bg5 Bxg5+ 20. Nxg5 Nc3 21. Rde1 Qd8 22. f6 Qa5 23. bxc3 bxc3 24. Kd1 Qxg5 25. Qe3 Ra1+ 26. Ke2 Rxe1+ 27. Rxe1 Qxf6 28. g5 Qg6 29.
Rg1 Qh5+ 30. Qf3 Qg6 31. h4 f6 32. h5 Qe8 33. Qe3 Kh8 34. g6 Qb8 35. gxh7 Qh2+ 36. Ke1 Ra8 37. Qf2 Ra1+ 38. Ke2 Qxg1 39. Qxg1 Rxg1 40. Bxe6 Rg2+ 41. Kd1 Rg1+ 42. Ke2 Kxh7 43.
Bf5+ Kh6 44. Be4 Kxh5 45. Bxc6 Kg5 46. d4 Kf5 47. Kd3 Rg3+ 48. Kc4 Ke6 49. Be4 Kd6 50. Bd3 g5 51. Kxc3 f5 52. Kd2 f4 53. c3 Rh3 54.
Ke2 g4 55. Bf5 Rh2+ 56. Kd3 1-0

[Event "Early-Titled-Tuesday-Blitz-October-03-2023"]
[Site "Chess.com"]
[Date "2023.10.03"]
[Round "7"]
[White "NelsonLinda"]
[Black "FMVolodymyrSakun"]
[Result "1-0"]
[WhiteElo "2596"]
[BlackElo "2643"]
[TimeControl "180+1"]
[EndTime "9:20:26 PDT"]
[Termination "NelsonLinda won by resignation"]

1. b3 e5 2. Bb2 Nc6 3. e3 Nf6 4. Bb5 Bd6 5. Na3 Na5 6. Be2 Qe7 7. Nb5 Nc6 8. Nxd6+ cxd6 9. Nf3 d5 10. O-O d6 11. d3 O-O 12. c4 a5 13. a3 Bg4 14.
Rc1 Be6 15. Nd2 Rfd8 16. Qc2 Rac8 17. Qb1 dxc4 18. dxc4 d5 19. cxd5 Bxd5 20. Rfd1 Qe6 21. Nc4 Rb8 22. Bc3 a4 23. Be1 b5 24. Na5 axb3 25.
Rxd5 Rxd5 26. Nxc6 Ra8 27. Qxb3 h6 28. Bxb5 Rd7 29.
Qxe6 fxe6 30. Nxe5 Rb7 31. Bc6 Rc8 32. Ra1 Rb6 33. Bf3 Rc5 34. Nd3 Rc2 35. Nb4 Rc8 36.
a4 Rd6 37. a5 e5 38. Bb7 Rb8 39. a6 Rxa6 40. Bxa6 Rf8 41. Bc4+ Kh7 42. Nd5 Ne4 43.
Bd3 Kh8 44. Bxe4 Rd8 45. Rd1 Rb8 46. Bc3 Rc8 47. Kf1 Re8 48. Ke1 Rf8 49. f3 Re8 50. h4 Rc8 51. h5 Re8 52. g4 Rf8 53. Ke2 Re8 54. Rc1 Ra8 55. Rb1 Ra2+ 56. Rb2 Ra8 57. Bxe5 Re8 58. Bd4 Rd8 59. Be5 Re8 60. Rb8 Rxb8 61.
Bxb8 1-0

[Event "Early-Titled-Tuesday-Blitz-October-03-2023"]
[Site "Chess.com"]
[Date "2023.10.03"]
[Round "7"]
[White "brm72"]
[Black "Mysterio47"]
[Result "0-1"]
[WhiteElo "2502"]
[BlackElo "2710"]
[TimeControl "180+1"]
[EndTime "9:20:26 PDT"]
[Termination "Mysterio47 won on time"]

1. e4 e5 2. Nf3 Nc6 3. Bc4 Nf6 4. d4 exd4 5. e5 d5 6. Bb5 Ne4 7. Nxd4 Bc5 8. Be3 O-O 9. Nxc6 bxc6 10. Bxc5 Nxc5 11. Bxc6 Rb8 12. Qxd5 Qe7 13. O-O Rxb2 14.
Nc3 Rxc2 15. Rac1 Rxc1 16. Rxc1 Rd8 17. Qf3 Nd3 18. Rd1 Nxe5 19. Rxd8+ Qxd8 20. Qe4 Qd2 21. f4 Qxc3 22. fxe5 Be6 23. h3 Bxa2 24. Kh2 Be6 25. Bd7 h5 26. Qa8+ Kh7 27. Qe4+ Kh8 28. Qa8+ Kh7 29. Qe4+ g6 30. Bxe6 fxe6 31. Qf4 Qc5 32.
Qf7+ Kh6 33. Qf4+ g5 34. Qf6+ Kh7 35. Qf7+ Kh8 36. Qxh5+ Kg7 37. Qxg5+ Kf7 38. Qf6+ Ke8 39. Qxe6+ Qe7 40. Qg8+ Kd7 41. Qd5+ Ke8 42. g3 c5 43. h4 a5 44. e6 Kf8 45. Qf5+ Kg7 46. Qe5+ Kg8 47. h5 a4 48. h6 a3 49. Qd5 Kh7 50.
g4 Kxh6 51. Qh5+ Kg7 0-1

[Event "Early-Titled-Tuesday-Blitz-October-03-2023"]
[Site "Chess.com"]
[Date "2023.10.03"]
[Round "7"]
[White "ChessLover0108"]
[Black "Kirill_Klukin"]
[Result "1-0"]
[WhiteElo "2930"]
[BlackElo "2712"]
[TimeControl "180+1"]
[EndTime "9:20:27 PDT"]
[Termination "ChessLover0108 won by resignation"]

1. Nf3 c5 2. c4 g6 3. g3 Bg7 4. Bg2 Nc6 5. O-O a6 6. Nc3 Rb8 7. e3 e5 8. d4 d6 9. dxc5 dxc5 10. Qe2 Nge7 11. Rd1 Bd7 12. Ng5 Qc8 13. Nge4 O-O 14. Nxc5 Bg4 15. f3 Bf5 16. N5e4 Be6 17. b3 Qc7 18.
Ba3 Rbd8 19. Nd5 Nxd5 20. cxd5 Rxd5 21. Bxf8 Kxf8 22. Ng5 Rxd1+ 23. Rxd1 Bc8 24. Ne4 Bf5 25. Nd6 Be6 26. f4 exf4 27. gxf4 h5 28. f5 gxf5 29. Qxh5 Be5 30. Nxf5 Qb6 31. Kh1 Bxf5 32. Qxf5 Qxe3 33. Rf1 f6 34. Qg6 Ke7 35. Rd1 Qg5 36. Qxg5 fxg5 37. Bxc6 bxc6 38. h3 c5 39. Kg2 Ke6 40. Kf3 a5 41. Ke4 Bf6 42. Rd5 Be7 43. Re5+ Kd6 44. Rd5+ Ke6 45. a4 Kf6 46. Rf5+ Ke6 47. Re5+ Kd6 48.
Rxe7 Kxe7 49. Kd5 c4 50. bxc4 Kd7 51. Kc5 Kc7 52. Kb5 Kd6 53. Kb6 Kd7 54. Kxa5 Kc8 55.
Kb4 Kc7 56. Kb5 g4 57. hxg4 1-0

[Event "Early-Titled-Tuesday-Blitz-October-03-2023"]
[Site "Chess.com"]
[Date "2023.10.03"]
[Round "7"]
[White "dropstoneDP"]
[Black "Vaathi_Coming"]
[Result "1/2-1/2"]
[WhiteElo "3111"]
[BlackElo "2892"]
[TimeControl "180+1"]
[EndTime "9:20:29 PDT"]
[Termination "Game drawn by repetition"]

1. e4 e6 2. d4 a6 3. Nf3 d5 4. exd5 exd5 5. Bd3 Nf6 6. O-O Be7 7. Bf4 O-O 8. h3 h6 9. Re1 Nc6 10. c3 Bd6 11. Ne5 Ne7 12. Qc2 Be6 13. Nd2 Qc8 14.
Re3 Bf5 15. Rae1 Bxd3 16. Qxd3 Qf5 17. Rf3 Qxd3 18. Nxd3 Bxf4 19. Nxf4 Rfe8 20. Rfe3 Kf8 21. g4 g5 22. Nd3 Ng6 23. Rxe8+ Rxe8 24. Rxe8+ Nxe8 25. Nc5 Nd6 26. Nd3 Ke7 27. Kg2 f5 28. f4 gxf4 29.
Kf3 Ne4 30. gxf5 Nxd2+ 31. Ke2 Nh4 32. Kxd2 Nxf5 33. Nxf4 c6 34. Ke2 Kf6 35. Kf3 Nd6 36. Nd3 Kf5 37. Nc5 a5 38. a4 h5 39. b4 b6 40. Nd7 Nc4 41. Nb8 Nb2 42. Nxc6 Nxa4 43. bxa5 bxa5 44. Nxa5 Nxc3 45. Nc6 Ne4 46. Ne7+ Ke6 47.
Ng6 Kf5 48. Ne7+ Ke6 49. Ng6 Kf5 50. Ne7+ 1/2-1/2

[Event "Early-Titled-Tuesday-Blitz-October-03-2023"]
[Site "Chess.com"]
[Date "2023.10.03"]
[Round "7"]
[White "Zavgorodniy_Sergiy"]
[Black "Itk04"]
[Result "1-0"]
[WhiteElo "2619"]
[BlackElo "2729"]
[TimeControl "180+1"]
[EndTime "9:20:29 PDT"]
[Termination "Zavgorodniy_Sergiy won on time"]

1. e4 c5 2. Nf3 d6 3. c3 Nf6 4. Bc4 e6 5. Qe2 Be7 6. d4 cxd4 7. cxd4 O-O 8. e5 Nd5 9. O-O Nc6 10. Nc3 Nxc3 11.
bxc3 Qc7 12. Bd3 dxe5 13. dxe5 h6 14. Qe4 g6 15. Bxh6 Rd8 16. Rad1 Bd7 17. h4 Be8 18. h5 Rd5 19. c4 Ra5 20. Qg4 Nxe5 21.
Nxe5 Qxe5 22. hxg6 f5 23. Qh3 Bxg6 24. Rfe1 Qf6 25. Bb1 Rd8 26. Qg3 e5 27. Rxd8+ Bxd8 28. Rd1 Be7 29. Rd7 Ra6 30. Rxb7 Rb6 31. Rxb6 axb6 32.
Bd2 Bc5 33. Qd3 Kf7 34. Be3 Bxe3 35. Qxe3 Qd6 36. Bc2 e4 37. Bb3 Kg7 38. g3 Qc5 39.
Qxc5 bxc5 40. a4 Be8 41. a5 Kf6 42. a6 Ke5 43. a7 Bc6 44. Ba4 Ba8 45. Bb5 Kd6 46.
Kf1 Kc7 47. Ke2 Kb6 48. Bd7 Kxa7 49. Bxf5 Bb7 50. Ke3 Ba6 51. Be6 Kb6 52. Kxe4 Kc6 53. Ke5 Kc7 54. Kf6 Kd6 55. g4 1-0

[Event "Early-Titled-Tuesday-Blitz-October-03-2023"]
[Site "Chess.com"]
[Date "2023.10.03"]
[Round "7"]
[White "parintele_chess"]
[Black "pankajfm"]
[Result "1/2-1/2"]
[WhiteElo "2242"]
[BlackElo "2104"]
[TimeControl "180+1"]
[EndTime "9:20:30 PDT"]
[Termination "Game drawn - insufficient material"]

1. d4 Nf6 2. Bf4 g6 3. Nf3 Bg7 4. c3 O-O 5. Nbd2 d6 6. e4 Nbd7 7. Be2 Qe8 8. h3 e5 9. dxe5 dxe5 10. Be3 Qe7 11. O-O b6 12. Qc2 Bb7 13. a4 Nc5 14. Bxc5 Qxc5 15. b4 Qe7 16. a5 Rad8 17. axb6 axb6 18.
Ra7 Rb8 19. Re1 c5 20. b5 Ne8 21. Nc4 Bxe4 22. Rxe7 Bxc2 23. Nfxe5 Be4 24. Nd7 Rb7 25. Bf1 f5 26. f3 Bxc3 27. Rc1 Bf6 28. Nxf6+ Nxf6 29. Rxb7 Bxb7 30. Nxb6 Rb8 31. Rxc5 Bxf3 32. Bc4+ Kg7 33.
Rc7+ Kh6 34. gxf3 Rxb6 35. Rc6 Rxc6 36. bxc6 Ne8 37. Kf2 Nc7 38. Ke3 Kg7 39. Kd4 Kf6 40. Kc5 Ke5 41. f4+ Kxf4 42. Kb6 Ne8 43. Bf7 Nd6 44.
c7 Ke5 45. Kc6 f4 46. Bd5 Nc8 47. Bf3 g5 48. Bg4 Ne7+ 49. Kd7 Kf6 50. Kd8 Nc6+ 51.
Kd7 Ne7 52. c8=Q Nxc8 53. Kxc8 Kg6 54. Kd7 h5 55. Bf3 g4 56. hxg4 hxg4 57. Bxg4 Kg5 58. Bf3 Kh4 59. Ke6 Kg3 60. Bb7 f3 61. Bxf3 1/2-1/2

[Event "Early-Titled-Tuesday-Blitz-October-03-2023"]
[Site "Chess.com"]
[Date "2023.10.03"]
[Round "7"]
[White "Brave_spirit12"]
[Black "Ermito2020"]
[Result "1-0"]
[WhiteElo "2765"]
[BlackElo "2609"]
[TimeControl "180+1"]
[EndTime "9:20:33 PDT"]
[Termination "Brave_spirit12 won on time"]

1. e4 e6 2. d3 d5 3. Nd2 c5 4. Ngf3 Nc6 5. g3 Bd6 6. Bg2 Nge7 7. O-O O-O 8. Re1 Qc7 9. Qe2 f6 10.
c3 b5 11. d4 cxd4 12. Nxd4 Nxd4 13. cxd4 b4 14. Nb3 a5 15. e5 fxe5 16. dxe5 Bc5 17.
Nxc5 Qxc5 18. Be3 Qc7 19. Rac1 Qxe5 20. Bc5 Qxe2 21. Rxe2 Re8 22. Bxe7 Rxe7 23. Bxd5 Rb8 24. Rc6 Kf7 25. Bc4 Bd7 26. Rc7 Rc8 27. Rxc8 Bxc8 28.
Re5 Bb7 29. Rxa5 Rd7 30. Kf1 Bf3 31. Be2 Bxe2+ 32. Kxe2 Kf6 33. Rb5 Ra7 34. Rxb4 Rxa2 35. Rb7 Ra1 36. h4 h6 37. b4 Rb1 38. b5 Rb2+ 39. Ke3 Rb3+ 40. Ke2 Rb2+ 41. Kf3 Rb3+ 42. Kg2 g5 43. h5 g4 44. b6 Kg5 45. Rg7+ Kxh5 46.
b7 Rb1 47. Kh2 Rb2 48. Kg1 Rb1+ 49. Kg2 Rb2 50. Kf1 e5 51. Ke1 e4 52. Kd1 Rb6 53. Kc2 Rb5 54. Kc3 Rb6 55. Kc4 e3 56. Kc5 exf2 57.
Kxb6 f1=Q 58. Rc7 Qf6+ 59. Rc6 Qd4+ 60. Rc5+ Kg6 61. b8=Q Qb4+ 62. Rb5 Qd4+ 63. Ka6 Qa4+ 64. Ra5 Qc4+ 65. Qb5 Qc8+ 66. Qb7 Qc4+ 67. Ka7 Qd4+ 68.
Qb6+ Qxb6+ 69. Kxb6 h5 70. Kc6 h4 71. gxh4 g3 72. Rg5+ Kh6 73. Rxg3 1-0

[Event "Early-Titled-Tuesday-Blitz-October-03-2023"]
[Site "Chess.com"]
[Date "2023.10.03"]
[Round "7"]
[White "Goi_Manne"]
[Black "ChainedDowntohell"]
[Result "1/2-1/2"]
[WhiteElo "2297"]
[BlackElo "2421"]
[TimeControl "180+1"]
[EndTime "9:20:33 PDT"]
[Termination "Game drawn by repetition"]

1. e4 c5 2. Nf3 Nc6 3. c3 Nf6 4.
e5 Nd5 5. g3 d6 6. exd6 e6 7.
Bg2 Bxd6 8. O-O O-O 9. d4 Nf6 10. Be3 Qe7 11. dxc5 Bxc5 12. Bxc5 Qxc5 13. Nbd2 Bd7 14.
Nb3 Qb6 15. Nfd4 Rfd8 16. Qc2 Rac8 17. Nxc6 Bxc6 18. Bxc6 Qxc6 19. Rad1 h5 20. Rxd8+ Rxd8 21. Rd1 Rd5 22. Rxd5 Qxd5 23. Qd2 Qe4 24. Qe3 Qa4 25. Nc5 Qxa2 26. Nxb7 Qxb2 27. Qxa7 Qxc3 28. Qb8+ Kh7 29.
Qf4 Qa1+ 30. Kg2 Qa8 31. Qf3 Kg8 32. Nd6 Qd8 33. Nc4 Qd4 34. Ne3 h4 35. Qa8+ Kh7 36. Qf3 g5 37. Nc2 Qe5 38. Qd3+ Kg7 39. Ne3 hxg3 40.
hxg3 Qe4+ 41. Qxe4 Nxe4 42. Kf3 f5 43. Nc4 Kf6 44. g4 Nc5 45. gxf5 exf5 46. Kg2 Nd3 47.
f3 Nf4+ 48. Kg3 Ke6 49. Nd2 Ke5 50. Nf1 Nd5 51. Kf2 Nc3 52. Ne3 Nd5 53. Nc4+ Ke6 54.
Kg3 Nf4 55. Ne3 Nd3 56. Nc4 Kd5 57. Ne3+ Ke5 58. Nc4+ Kd4 59. Nd6 Ke5 60. Nc4+ Kf6 61.
Nd6 Ne5 62. f4 gxf4+ 63. Kxf4 Ng6+ 64. Ke3 f4+ 65. Kf3 Kg5 66. Nf7+ Kf5 67. Nd6+ Ke6 68. Ne4 Ke5 69. Nd2 Kf5 70. Kf2 Ne5 71. Nf1 Ke4 72. Nd2+ Kf5 73. Nf1 Ng4+ 74. Kf3 Ne5+ 75. Kf2 1/2-1/2

[Event "Early-Titled-Tuesday-Blitz-October-03-2023"]
[Site "Chess.com"]
[Date "2023.10.03"]
[Round "7"]
[White "the_chess_child"]
[Black "Beca95"]
[Result "1-0"]
[WhiteElo "2869"]
[BlackElo "3008"]
[TimeControl "180+1"]
[EndTime "9:20:35 PDT"]
[Termination "the_chess_child won on time"]

1. e4 e5 2. Nf3 Nc6 3. d3 Nf6 4. g3 g6 5. Bg2 Bg7 6. O-O O-O 7. Re1 d6 8. c3 h6 9. b4 g5 10. b5 Ne7 11. a4 Ng6 12. Na3 g4 13. Nd2 Nh7 14.
a5 a6 15. bxa6 Rxa6 16. Nc2 h5 17. Nc4 Ra7 18. N2e3 b5 19. Nd2 c5 20. Nb3 Be6 21. c4 b4 22. Nf5 Ne7 23. Ne3 f5 24. exf5 Nxf5 25. Nd5 Ng5 26. Ra2 Nf3+ 27. Bxf3 gxf3 28. Qxf3 Nd4 29. Nxd4 Rxf3 30. Nxe6 Qa8 31. Nec7 Qb8 32. Nb5 Rxd3 33. Nxa7 Qxa7 34. a6 b3 35. Ra4 e4 36. Ne7+ Kh7 37. Nc8 Qd7 38. Nb6 Qg4 39.
a7 Rd1 40. Rxd1 Qxd1+ 41. Kg2 Qf3+ 42. Kh3 Bd4 43. a8=Q Qf5+ 44. Kg2 Qxf2+ 45. Kh3 Qf5+ 46. Kg2 Qf3+ 47. Kh3 Qg4+ 48. Kg2 Qe2+ 49. Kh3 Qg4+ 50. Kg2 Qf3+ 51. Kh3 Qf1+ 52. Kh4 Bf6+ 53. Bg5 Bxg5+ 54. Kxg5 Qc1+ 55. Kf5 Qf1+ 56. Ke6 1-0

[Event "Early-Titled-Tuesday-Blitz-October-03-2023"]
[Site "Chess.com"]
[Date "2023.10.03"]
[Round "7"]
[White "LeoWin2012"]
[Black "Actuary44"]
[Result "1-0"]
[WhiteElo "2332"]
[BlackElo "2502"]
[TimeControl "180+1"]
[EndTime "9:20:35 PDT"]
[Termination "LeoWin2012 won on time"]

1. d4 Nf6 2. c4 g6 3. Nc3 Bg7 4. g3 d6 5. Bg2 O-O 6. Nf3 Nfd7 7.
O-O Nc6 8. e4 e5 9. d5 Ne7 10.
g4 Nb6 11. Nd2 f5 12. gxf5 gxf5 13. f3 f4 14. Kh1 Kh8 15. Rg1 Rg8 16. Qe1 Ng6 17.
b3 a6 18. Nf1 Qg5 19. Bh3 Qh5 20.
Bg4 Bxg4 21. Rxg4 Nd7 22. Qf2 Nf6 23. Rg1 Nh4 24. Nd2 Bh6 25. Bb2 Rg3 26. Ne2 Rh3 27. Raf1 Nxf3 28. Nxf3 Nxe4 29. Qg2 Rg3 30. Nxe5 dxe5 31.
Qxe4 Re3 32. Qg2 Rxe2 33. Rf2 Rxf2 34. Qxf2 Rg8 35. Rxg8+ Kxg8 36. Qg2+ Kf7 37. Qg1 Qf3+ 38. Qg2 Qxg2+ 39. Kxg2 e4 40. Be5 c6 41. Kf2 cxd5 42. cxd5 Kg6 43. d6 Kf5 44. d7 Bg5 45. Bc7 Kg4 46.
d8=Q Bxd8 47. Bxd8 Kh3 48. Bc7 f3 49. Ke3 Kg2 50. Bg3 h5 51. Bh4 Kxh2 52. Kxe4 Kh3 53. Be1 Kg2 54. Ke3 b6 55. Bf2 b5 56. b4 1-0

[Event "Early-Titled-Tuesday-Blitz-October-03-2023"]
[Site "Chess.com"]
[Date "2023.10.03"]
[Round "7"]
[White "sofaceindisguise"]
[Black "Fandorine"]
[Result "1/2-1/2"]
[WhiteElo "2791"]
[BlackElo "2917"]
[TimeControl "180+1"]
[EndTime "9:20:36 PDT"]
[Termination "Game drawn by agreement"]

1. c4 f5 2. g3 Nf6 3. Bg2 g6 4. Nc3 Bg7 5. d4 O-O 6. Bh3 d6 7. d5 e5 8. dxe6 Bxe6 9. Nd5 c6 10. Nxf6+ Qxf6 11. Qxd6 Na6 12. Nf3 Rad8 13. Qa3 h6 14.
O-O Bxc4 15. Re1 Rfe8 16. Bf1 g5 17. Be3 Qxb2 18. Qxb2 Bxb2 19. Rab1 Ba3 20. Rxb7 Re7 21.
Rxe7 Bxe7 22. Rc1 Bb5 23. Nd4 f4 24. Nxb5 fxe3 25. Rxc6 exf2+ 26. Kxf2 Bc5+ 27. Kg2 Bb6 28. Rxh6 Rf8 29. e3 Kg7 30. Re6 Nb4 31. Bc4 Nc2 32.
Nd4 Nxd4 33. exd4 Bxd4 34. Kh3 Rh8+ 35. Kg4 Rxh2 36. Kxg5 Rc2 37. Bb3 Rc5+ 38. Kg4 Bf6 39. Ra6 Rc7 40. Kf5 Rc5+ 41. Ke6 Re5+ 42. Kd6 Re7 43. Be6 Rb7 44. Kc6 Re7 45. Bf5 Bd4 46. g4 Bb6 47. a4 Rc7+ 48. Kd6 Rc5 49. Bd3 Ra5 50. Kc6 Rxa6 51. Bxa6 Kf6 52. Kb5 Kg5 53. Bc8 Kf4 54. a5 Bf2 55. Ka6 Kg5 56. Kb7 Be3 57. Kc6 Bf2 58. Bf5 Bg1 59. a6 Bb6 1/2-1/2